 Dungeon Crawl Stone Soup version 0.30-a0-1093-gcfb1e0cf12 (webtiles) character file.

Game seed: 18040423288140070077

52110 Lavandula the Slicer (level 15, -1/91 (106) HPs)
             Began as a Human Summoner on Apr 17, 2023.
             Was a Plaything of Xom.
             Slain by an orc warlord
             ... wielding a +0 long sword
              (10 damage)
             ... on level 1 of the Orcish Mines.
             The game lasted 01:13:58 (21362 turns).

Lavandula the Slicer (Human Summoner)              Turns: 21362, Time: 01:13:59

HP:   -1/91 (106)   AC: 10    Str:  7    XL:     15   Next: 4%
MP:   28/28         EV: 13    Int: 20    God:    Xom [..*...]
Gold: 1294          SH:  0    Dex: 28    Spells: 8/33 levels left

rFire   . . .      SeeInvis .    D - +4 dagger (distort)
rCold   . . .      Faith    .    (no shield)
rNeg    . . .      Spirit   .    y - +2 steam dragon scales
rPois   +          Reflect  .    v - +1 hat
rElec   .          Rampage  .    J - scarf {+Inv}
rCorr   .                        a - +3 pair of gauntlets of War {Slay+5}
Will    +....                    g - +0 pair of boots
Stlth   ++++                     S - amulet "Pahioc" {RegenMP rPois}
HPRegen 0.35/turn                q - +6 ring of dexterity
MPRegen 0.61/turn                w - +4 ring of slaying

@: silenced, on berserk cooldown, attractive, hasted and slowed, heavily drained
A: horns 1, agile 2, deformed body, poison resistance, sturdy frame 1
a: Renounce Religion, Evoke Invisibility


You were on level 1 of the Orcish Mines.
You worshipped Xom.
You were a toy of Xom.
You visited 4 branches of the dungeon, and saw 18 of its levels.
You also visited: Ice Cave.

You collected 1437 gold pieces.
You spent 143 gold pieces at shops.

Inventory:

Hand Weapons
 B - a +3 dagger of chaos
 D - a +4 dagger of distortion (weapon)
Missiles
 e - 26 poisoned darts (quivered)
 t - 8 curare-tipped darts
 R - a throwing net
Armour
 a - the +3 pair of gauntlets of War (worn) {Slay+5}
   (You acquired it on level 1 of the Lair of Beasts)

   Slay:      It affects your accuracy & damage with ranged weapons and melee
   (+5).
 g - a +0 pair of boots (worn)
 s - a +0 cloak
 v - a +1 hat (worn)
 y - +2 steam dragon scales (worn)
 E - an orb of guile
 J - a scarf of invisibility (worn)
Jewellery
 q - a +6 ring of dexterity (left hand)
 r - a ring of positive energy
 w - a +4 ring of slaying (right hand)
 I - a ring of protection from fire
 K - an amulet of guardian spirit
 O - an amulet of faith
 S - the amulet "Pahioc" (around neck) {RegenMP rPois}
   (You found it in an ice cave)

   [amulet of magic regeneration]

   It increases your rate of magic regeneration.
   rPois:     It protects you from poison.
 X - the ring "Nal Boam" {rC+ MP+9}
   (You found it on level 5 of the Lair of Beasts)

   [ring of magical power]

   rC:        It protects you from cold.
   MP:        It affects your magic capacity (+9).
Wands
 m - a wand of roots (41)
 x - a wand of light (10)
 z - a wand of flame (21)
 H - a wand of paralysis (3)
 U - a wand of digging (6)
Scrolls
 d - a scroll of identify
 f - 2 scrolls of vulnerability
 j - 7 scrolls of immolation
 l - a scroll of poison
 u - a scroll of magic mapping
 A - 2 scrolls of fog
 F - 2 scrolls of butterflies
 G - 4 scrolls of teleportation
 M - a scroll of amnesia
 N - a scroll of torment
Potions
 b - a potion of magic
 c - 9 potions of curing
 i - 10 potions of ambrosia
 k - 2 potions of attraction
 n - 2 potions of brilliance
 p - a potion of lignification
 C - 3 potions of might
 L - a potion of resistance {unknown}
 P - a potion of mutation {unknown}
 Q - 2 potions of cancellation {unknown}
 W - a potion of heal wounds
Miscellaneous
 T - a piece from Xom's chessboard (15/15)


   Skills:
 - Level 6.4 Fighting
 - Level 10.0 Short Blades
 - Level 6.0 Throwing
 - Level 2.0 Dodging
 - Level 9.7 Stealth
 + Level 9.9 Spellcasting
 - Level 7.2 Conjurations
 - Level 7.1 Hexes
 - Level 4.0 Summonings
 - Level 7.2 Transmutations
 - Level 5.9 Earth Magic
 - Level 10.0 Evocations


You had 8 spell levels left.
You knew the following spells:

 Your Spells              Type           Power      Damage    Failure   Level
a - Summon Small Mammal   Summ           100%       N/A       1%          1
b - Call Imp              Summ           50%        N/A       1%          2
c - Call Canine Familiar  Summ           25%        N/A       4%          3
d - Summon Guardian Gole  Hex/Summ       32%        N/A       2%          3
e - Ensorcelled Hibernat  Hex/Ice        48%        N/A       2%          2
f - Passwall              Tmut/Erth      30%        N/A       1%          2
g - Petrify               Tmut/Erth      36%        N/A       4%          4
h - Irradiate             Conj/Tmut      19%        3d18      10%         5
i - Swiftness             Air            9%         N/A       22%         3

Your spell library contained the following spells:

 Spells                   Type           Power      Damage    Failure   Level
 Beastly Appendage        Tmut           76%        N/A       1%          1
 Foxfire                  Conj/Fire      96%        2x1d8     1%          1
 Kiss of Death            Conj/Necr      96%        2d12      1%          1
 Sting                    Tmut/Pois      96%        1d7       1%          1
 Wereblood                Tmut           38%        N/A       1%          2
 Confusing Touch          Hex            38%        N/A       1%          3
 Hailstorm                Conj/Ice       24%        3d7       4%          3
 Spider Form              Tmut/Pois      24%        N/A       4%          3
 Freeze                   Ice            36%        1d5       7%          1
 Poisonous Vapours        Pois/Air       18%        N/A       11%         2
 Sublimation of Blood     Necr           9%         N/A       11%         2
 Ice Form                 Ice/Tmut       24%        N/A       16%         4
 Frozen Ramparts          Ice            18%        1d3       22%         3
 Ozocubu's Armour         Ice            9%         N/A       22%         3
 Summon Ice Beast         Ice/Summ       17%        N/A       30%         4
 Summon Lightning Spire   Summ/Air       17%        N/A       30%         4
 Fireball                 Conj/Fire      12%        3d7       41%         5
 Metabolic Englaciation   Hex/Ice        12%        N/A       41%         5
 Dispel Undead            Necr           9%         3d8       56%         4
 Olgreb's Toxic Radiance  Pois           9%         N/A       56%         4
 Freezing Cloud           Conj/Ice/Air   9%         6-21      58%         5
 Starburst                Conj/Fire      12%        6d5       94%         6
 Plasma Beam              Fire/Air       4%         2x1d16    100%        6
 Simulacrum               Ice/Necr       4%         N/A       100%        6


Dungeon Overview and Level Annotations

Branches:
Dungeon (11/15)            Temple (1/1) D:5            Lair (5/5) D:10
  Swamp (0/4) Lair:2        Snake (0/4) Lair:2        Slime (0/5) Lair:4
    Orc (1/2) D:10          IceCv (visited)

Altars:
Ashenzari
Cheibriados
Dithmenos
Elyvilon
Gozag
Kikubaaqudgha
Makhleb
Nemelex Xobeh
Okawaru
Qazlal
Ru
Sif Muna
Trog
Uskayaw
Vehumet
Wu Jian
Xom
Yredelemnul
Zin
The Shining One

Shops:
D:1 :   D:4 [

Portals:
Hell: Lair:5

Annotations:
D:3 3 runed translucent doors, Lipa's ghost, weakling TrBe
D:6 2 runed translucent doors
D:7 1 runed translucent door, Majang's ghost, novice MiGl
Lair:2 1 exclusion


Innate Abilities, Weirdness & Mutations

You have a pair of small horns on your head.
You are very agile. (Dex +8, Str/Int -2)
Armour fits poorly on your strangely shaped body.
Your system is resistant to poisons. (rPois)
Your movements are slightly less encumbered by armour. (ER -2)


Message History

The orc warlord blocks the throwing net.
The orc warlord hits you with a +0 long sword!!
* * * LOW HITPOINT WARNING * * *
Something is attracted toward you.
The orc warrior is attracted toward you. x2
Okay, then.
Unknown command.
Okay, then.
Unknown command.
Okay, then.
Unknown command.
Okay, then.
You feel yourself speed up. Something hits you but does no damage.
Deactivating autopickup; reactivate with Ctrl-A.
The orc warlord hits you with a +0 long sword!!
* * * LOW HITPOINT WARNING * * *
Your hound barely misses the orc warlord.
Unknown command.
Okay, then.
Unknown command.
Okay, then.
Unknown command.
Okay, then.
Unknown command.
Unknown command.
Okay, then.
Unknown command.
Okay, then.
Okay, then.
Unknown command.
Press: ? - help, v - describe, . - travel, g - get item
Here: an orc warlord, wielding a +0 long sword, wearing a +1 chain mail of fire resistance and wearing a +0 kite shield (lightly wounded, ally target) Item here: a throwing net.
The floor.
As you read the scroll labelled XAIGHI OTOGOC, it crumbles to dust.
A profound silence engulfs you.
It was a scroll of silence.
Your hound barely misses the orc warlord.
The orc warlord hits you with a +0 long sword!
You die...
Xom howls with laughter!

#.).#.##........#...#.##
##.)ยง###...............#
###.#..##...............##
#......................###
#....##.#...............#.##
##.## ##...#...............#
# ##h{o....>...#.#.#.#.
#..oo..............#.
#.9.@.#..............
##.#.#...............
#....................
#.....#....#..........
##....)#...##.........
###.......# .$...#...
###....## ....#.... #...#.
.......#. ##.#... ....#.#..


You could see an orc warlord (ally target), 2 orc warriors, a friendly guardian
golem (summoned) and a friendly hound (summoned, sheltered).

Vanquished Creatures
  Jorgrun (Orc:1)
  A dire elephant (Lair:5)
  2 hydras
  2 catoblepae (Lair:5)
  7 death yaks
  Sonja (D:11)
  A sun demon (Lair:5)
  3 skysharks
  12 slime creatures (IceCv)
  A wizard (Lair:5)
  3 elephants (Lair:4)
  An elephant (shapeshifter) (Lair:1)
  An ice statue (IceCv)
  6 black mambas
  An orange demon (Lair:5)
  A torpor snail (Lair:2)
  14 cane toads
  Maggie (D:6)
  10 komodo dragons
  6 rime drakes
  A queen bee (Lair:5)
  A hellwing (Lair:5)
  2 red devils (Lair:5)
  A tyrant leech (Lair:5)
  2 polar bears
  3 meliai (Lair:5)
  3 trolls
  A hornet (D:8)
  7 blink frogs
  A wyvern (D:9)
  2 basilisks
  11 yaks
  2 steam dragons
  3 vampire mosquitoes (D:11)
  5 wargs
  3 hell hounds (Lair:5)
  9 water moccasins
  2 orc warriors
  2 sky beasts (D:7)
  5 black bears
  An ogre (Orc:1)
  2 great orb of eyes simulacra (IceCv)
  An ice beast (D:7)
  4 centaurs
  7 wolves
  2 kobold brigands
  8 bullfrogs
  3 scorpions (D:5)
  33 killer bees
  An electric eel (Lair:2)
  A vampire bat (Lair:3)
  2 howler monkeys (D:8)
  4 crimson imps (D:5)
  3 hounds
  2 orc priests
  2 iguanas
  6 orc wizards
  2 shapeshifter simulacra (IceCv)
  5 adders
  A white imp (D:7)
  A worm (D:5)
  16 orcs
  4 ball pythons
  10 bats
  4 endoplasms
  3 giant cockroaches
  2 goblins (D:2)
  6 hobgoblins
  5 jackals
  11 kobolds
  2 quokkas (D:2)
  2 frilled lizards
  4 rats
301 creatures vanquished.

Vanquished Creatures (collateral kills)
  Snorg (D:11)
  A two-headed ogre (D:9)
  Urug (D:11)
  Maurice (D:8)
  A cane toad (Lair:1)
  A red devil (Lair:5)
  Sigmund (D:4)
  A yak (Lair:2)
  An orc warrior (D:9)
  A black bear (D:6)
  An ogre (D:4)
  A phantom (D:4)
  A slime creature simulacrum (IceCv)
  2 scorpions
  A killer bee (D:8)
  2 jellies
  An electric eel (D:8)
  4 orc priests
  A sleepcap (D:4)
  3 orc wizards
  Robin (D:1)
  4 gnolls (D:6)
  2 adders (D:2)
  A worm (D:3)
  A dart slug (D:3)
  13 orcs
  A ball python (D:2)
  3 endoplasms
  A giant cockroach (D:4)
  13 goblins
  7 hobgoblins
  3 jackals (D:2)
  6 kobolds
  A quokka (D:2)
  4 frilled lizards
  3 rats
91 creatures vanquished.

Vanquished Creatures (others)
  An azure jelly (IceCv)
  A black mamba (Lair:2)
  An ice statue (IceCv)
  Psyche (D:8)
  An ice devil (Lair:5)
  A komodo dragon (Lair:2)
  Grinder (D:3)
  A blink frog (Lair:1)
  3 slime creatures (IceCv)
  8 yaks
  2 basilisks
  A steam dragon (D:10)
  A warg (D:10)
  A great orb of eyes simulacrum (IceCv)
  An ogre (Orc:1)
  A slime creature simulacrum (IceCv)
  8 wolves
  A glowing shapeshifter simulacrum (IceCv)
  7 killer bees
  A gnoll bouda (D:6)
  A shapeshifter simulacrum (IceCv)
  A killer bee zombie (D:8)
  A gnoll (D:6)
  36 fungi
  43 plants
125 creatures vanquished.

Grand Total: 517 creatures vanquished

Notes
Turn   | Place    | Note
-------+----------+-------------------------------------------
     0 | D:1      | Lavandula the Human Summoner began the quest for the Orb.
     0 | D:1      | Reached XP level 1. HP: 13/13 MP: 3/3
    98 | D:1      | Reached XP level 2. HP: 16/19 MP: 2/5
   101 | D:1      | Learned a level 2 spell: Call Imp
   261 | D:1      | Found Ziuw's Book Shop.
   463 | D:1      | Reached XP level 3. HP: 24/24 MP: 7/7
   467 | D:1      | Learned a level 3 spell: Call Canine Familiar
  1125 | D:2      | Reached XP level 4. HP: 13/30 MP: 7/9
  1812 | D:1      | Learned a level 3 spell: Summon Guardian Golem
  1815 | D:1      | Learned a level 2 spell: Ensorcelled Hibernation
  1851 | D:2      | Noticed Robin
  1864 | D:1      | Killed Robin
  1935 | D:2      | Reached XP level 5. HP: 33/35 MP: 8/11
  1974 | D:2      | Reached skill level 1 in Hexes
  2132 | D:3      | Noticed Grinder
  2151 | D:3      | Killed Grinder
  2152 | D:3      | Reached XP level 6. HP: 41/41 MP: 3/12
  2679 | D:3      | Reached XP level 7. HP: 46/46 MP: 8/13
  2682 | D:3      | Learned a level 2 spell: Passwall
  2814 | D:3      | Found a runed translucent gate.
  2815 | D:3      | Found a runed translucent gate.
  2815 | D:3      | Identified the +7 leather armour of Atiupsy {rElec Int+4
                  | Dex+2}
  2816 | D:3      | Found a runed translucent gate.
  2817 | D:3      | Noticed Lipa's ghost (weakling TrBe)
  2885 | D:3      | Found a radiant altar of Vehumet.
  3359 | D:4      | Noticed a water elemental
  3361 | D:4      | Found a stormy altar of Qazlal.
  3363 | D:4      | Noticed a fire elemental
  3363 | D:4      | Noticed an air elemental
  3413 | D:4      | Found a glowing golden altar of the Shining One.
  3429 | D:4      | Reached skill level 5 in Hexes
  3512 | D:4      | Noticed Sigmund
  3525 | D:4      | Killed Sigmund
  3920 | D:4      | Found Zymoph's Armour Shop.
  3929 | D:4      | Bought a +1 hat for 143 gold pieces
  3978 | D:4      | Reached XP level 8. HP: 46/52 MP: 7/14
  4177 | D:5      | Entered Level 5 of the Dungeon
  4196 | D:5      | Reached skill level 1 in Short Blades
  4473 | D:5      | Identified the +1 ring mail of Valiance {Contam rN+ rCorr
                  | Str+9}
  4529 | D:5      | Found a staircase to the Ecumenical Temple.
  4568 | Temple   | Entered the Ecumenical Temple
  4803 | D:5      | Found a hide-covered altar of Uskayaw.
  5054 | D:5      | Found a shimmering altar of Xom.
  5068 | D:5      | Became a worshipper of Xom of Chaos
  5283 | D:5      | Reached skill level 5 in Short Blades
  5529 | D:5      | XOM: scenery: 1 doors close
  5616 | D:6      | XOM: noise
  5619 | D:6      | Reached XP level 9. HP: 46/57 MP: 3/15
  5861 | D:6      | Noticed Maggie
  5875 | D:6      | XOM: butterfly on damage
  5878 | D:6      | Killed Maggie
  5908 | D:6      | XOM: noise
  6005 | D:6      | Found a large runed translucent door.
  6006 | D:6      | Found a large runed translucent door.
  6061 | D:6      | XOM: confuse monster(s)
  6067 | D:6      | XOM: 1-stop teleportation journey
  6232 | D:6      | XOM: cloud trail
  6292 | D:6      | XOM: swap monsters
  6629 | D:7      | Found an iron altar of Okawaru.
  6791 | D:7      | XOM: god gift: wand of roots (4)
  6885 | D:7      | Found a bloodstained altar of Trog.
  7092 | D:7      | XOM: enchant monster (good)
  7141 | D:7      | Found a runed translucent door.
  7141 | D:7      | Noticed Majang's ghost (novice MiGl)
  7594 | D:8      | Reached skill level 10 in Short Blades
  7594 | D:8      | Reached XP level 10. HP: 63/63 MP: 16/16
  7599 | D:8      | Learned a level 4 spell: Petrify
  7957 | D:8      | XOM: 1-stop teleportation journey
  8075 | D:8      | Noticed Maurice
  8076 | D:8      | XOM: summons friendly crimson imp
  8087 | D:8      | XOM: silly message
  8101 | D:8      | Killed Maurice
  8134 | D:8      | XOM: polymorph hound -> killer bee
  8222 | D:8      | XOM: silly message
  8312 | D:8      | Noticed Psyche
  8335 | D:8      | Killed Psyche
  8629 | D:9      | Noticed a two-headed ogre
  8630 | D:9      | XOM: cast spell 'Monstrous Menagerie'
  8635 | D:9      | Killed a two-headed ogre
  8737 | D:9      | XOM: silly message
  8756 | D:9      | Reached XP level 11. HP: 46/68 MP: 11/17
  8814 | D:9      | XOM: scenery: 1 doors open
  9025 | D:9      | XOM: cast spell 'Death Channel'
  9088 | D:9      | XOM: scenery: 3 doors open
  9108 | D:9      | XOM: god gift: staff of fire
  9149 | D:9      | XOM: confuse monster(s)
  9154 | D:9      | XOM: scenery: 1 doors open
  9162 | D:9      | Reached skill level 1 in Transmutations
  9162 | D:9      | Reached skill level 1 in Earth Magic
  9226 | D:9      | Found an ornate altar of the Wu Jian Council.
  9589 | D:10     | Entered Level 10 of the Dungeon
  9713 | D:10     | XOM: god gift: 15 gold pieces
  9729 | D:10     | Found a staircase to the Orcish Mines.
 10063 | D:10     | XOM: noise
 10116 | D:10     | XOM: 10-stop teleportation journey
 10213 | D:10     | XOM: god gift: potion of lignification
 10345 | D:10     | Found a staircase to the Lair.
 10557 | D:10     | XOM: god gift: scale mail {god gift}
 10808 | D:11     | Noticed Urug
 10819 | D:11     | XOM: summons friendly crimson imp
 10820 | D:11     | XOM: cast spell 'Summon Horrible Things'
 10821 | D:11     | Noticed Snorg
 10825 | D:11     | Killed Urug
 10826 | D:11     | Reached skill level 5 in Transmutations
 10826 | D:11     | Reached skill level 5 in Earth Magic
 10829 | D:11     | Killed Snorg
 10938 | D:11     | Found a glowing golden altar of the Shining One.
 10970 | D:11     | Noticed Sonja
 11042 | D:11     | Killed Sonja
 11063 | D:11     | Reached skill level 1 in Throwing
 11083 | D:11     | XOM: 1-stop teleportation journey
 11205 | D:11     | XOM: fake destruction
 11212 | D:11     | XOM: fog
 11229 | D:11     | XOM: summons friendly crimson imp
 11403 | D:11     | XOM: cloud trail
 11449 | D:11     | Noticed a two-headed ogre
 11463 | D:11     | XOM: fog
 11465 | D:11     | a two-headed ogre changed into an eye of devastation
 11716 | D:11     | XOM: give mutation
 11716 | D:11     | Gained mutation: Your movements are slightly less
                  | encumbered by armour. (ER -2) [Xom's grace]
 11764 | D:11     | XOM: cloud trail
 11821 | D:11     | XOM: god gift: 2 atropa-tipped darts
 11871 | Lair:1   | Entered Level 1 of the Lair of Beasts
 11917 | Lair:1   | Reached XP level 12. HP: 74/74 MP: 13/18
 11951 | Lair:1   | XOM: cleaving
 12194 | Lair:1   | XOM: polymorph black mamba -> glowing shapeshifter
 12320 | Lair:1   | XOM: give mutation
 12320 | Lair:1   | Lost mutation: Your movements are slightly less encumbered
                  | by armour. (ER -2) [Xom's mischief]
 12376 | Lair:1   | Reached skill level 5 in Throwing
 12410 | Lair:1   | Identified a scroll of acquirement
 12412 | Lair:1   | Acquired the +3 pair of gauntlets of War {Slay+5}
 12412 | Lair:1   | Found the +3 pair of gauntlets of War {Slay+5}
 12452 | Lair:1   | Reached skill level 1 in Fighting
 12533 | Lair:1   | XOM: scenery: create altars
 12576 | Lair:1   | XOM: fog
 12840 | Lair:1   | XOM: confusion
 12852 | Lair:1   | XOM: scenery: summon butterflies
 13128 | Lair:1   | XOM: summons friendly white imp
 13131 | Lair:1   | Reached skill level 5 in Fighting
 13219 | Lair:1   | You fall into a shaft and drop 1 floor!
 13219 | Lair:2   | Noticed a skyshark
 13583 | Lair:2   | Killed a skyshark
 13631 | Lair:2   | XOM: noise
 13804 | Lair:2   | Noticed a death yak
 13909 | Lair:2   | Found a staircase to the Swamp.
 13922 | Lair:2   | Reached skill level 5 in Spellcasting
 13943 | Lair:2   | Killed a death yak
 13973 | Lair:2   | Found a staircase to the Snake Pit.
 14009 | Lair:2   | Learned a level 5 spell: Irradiate
 14029 | Lair:2   | XOM: fog
 14035 | Lair:2   | Reached skill level 1 in Conjurations
 14169 | Lair:2   | XOM: 2-stop teleportation journey
 14307 | Lair:2   | Reached XP level 13. HP: 65/94 MP: 17/22
 14332 | Lair:2   | XOM: torment (38/94 hp)
 14576 | Lair:2   | XOM: polymorph hound -> iguana
 14615 | Lair:2   | XOM: give mutations
 14615 | Lair:2   | Gained mutation: You are agile. (Dex +4, Str/Int -1) [Xom's
                  | mischief]
 14615 | Lair:2   | Gained mutation: Your movements are slightly less
                  | encumbered by armour. (ER -2) [Xom's mischief]
 14971 | Lair:3   | Reached skill level 5 in Conjurations
 15003 | Lair:3   | XOM is BORED!
 15003 | Lair:3   | XOM: give mutations
 15003 | Lair:3   | Gained mutation: Your system is resistant to poisons.
                  | (rPois) [Xom's mischief]
 15003 | Lair:3   | Gained mutation: You have a pair of small horns on your
                  | head. [Xom's mischief]
 15003 | Lair:3   | Gained mutation: Armour fits poorly on your strangely
                  | shaped body. [Xom's mischief]
 15003 | Lair:3   | Gained mutation: You are very agile. (Dex +8, Str/Int -2)
                  | [Xom's mischief]
 15073 | Lair:3   | XOM: summons 7 hostile demons
 15081 | Lair:3   | XOM: enchant monster (bad)
 15201 | Lair:3   | XOM: 1-stop teleportation journey
 15246 | Lair:3   | XOM: enchant monster (good)
 15251 | Lair:3   | XOM: silly message
 15252 | Lair:3   | XOM: noise
 15671 | Lair:3   | XOM: cast spell 'Summon Cactus Giant'
 15842 | Lair:4   | Found a frozen archway.
 16017 | IceCv    | Entered an ice cave
 16096 | IceCv    | XOM: enchant monster (bad)
 16160 | IceCv    | Reached skill level 1 in Evocations
 16259 | IceCv    | XOM: enchant monster (bad)
 16382 | IceCv    | XOM: confuse monster(s)
 16758 | IceCv    | XOM: silly message
 16800 | IceCv    | XOM: smoke on damage
 16842 | IceCv    | XOM: silly message
 16858 | IceCv    | XOM: divination: detect items
 17165 | IceCv    | XOM: silly message
 17202 | IceCv    | XOM: silly message
 17252 | IceCv    | XOM: silly message
 17355 | IceCv    | XOM: divination: detect creatures
 17483 | IceCv    | XOM: noise
 17498 | IceCv    | XOM: noise
 17518 | IceCv    | Noticed an azure jelly
 17524 | IceCv    | Reached skill level 5 in Evocations
 17527 | IceCv    | Killed an azure jelly
 17655 | IceCv    | Found a viscous altar of Jiyva.
 17676 | IceCv    | Got the Lessons on Rime
 17677 | IceCv    | Identified the amulet "Pahioc" {RegenMP rPois}
 17677 | IceCv    | XOM: divination: detect creatures
 17896 | Lair:4   | XOM: god gift: Young Poisoner's Handbook
 17921 | Lair:4   | Noticed a five-headed hydra
 17963 | Lair:4   | Killed a five-headed hydra
 17967 | Lair:4   | Reached XP level 14. HP: 85/96 MP: 21/23
 18089 | Lair:4   | XOM: 4-stop teleportation journey
 18206 | Lair:4   | XOM: divination: detect items
 18313 | Lair:4   | XOM: summons 2 friendly demons
 18350 | Lair:4   | Learned a level 3 spell: Swiftness
 18819 | Lair:4   | Found a staircase to the Slime Pits.
 18826 | Lair:4   | XOM: scenery: 1 doors close
 18864 | Lair:5   | Entered Level 5 of the Lair of Beasts
 18889 | Lair:5   | Reached skill level 10 in Evocations
 19141 | Lair:5   | XOM: polymorph five-headed hydra -> tyrant leech
 19145 | Lair:5   | XOM: silly message
 19367 | Lair:5   | Found a burning altar of Makhleb.
 19391 | Lair:5   | XOM: enchant monster (bad)
 20213 | Lair:5   | Noticed a dire elephant
 20222 | Lair:5   | Killed a dire elephant
 20377 | Lair:5   | XOM: silly message
 20379 | Lair:5   | XOM: confusion
 20512 | Lair:5   | Found a gateway to Hell.
 20589 | Lair:5   | Identified the ring "Nal Boam" {rC+ MP+9}
 20966 | Lair:5   | XOM: silly message
 21091 | Lair:1   | XOM: silly message
 21140 | Orc:1    | Entered Level 1 of the Orcish Mines
 21216 | Orc:1    | Noticed Jorgrun
 21217 | Orc:1    | XOM: potion effect (might)
 21250 | Orc:1    | Killed Jorgrun
 21251 | Orc:1    | Reached XP level 15. HP: 80/89 MP: 28/28
 21318 | Orc:1    | Noticed an orc warlord
 21327 | Orc:1    | XOM: cast spell 'Leda's Liquefaction'
 21337 | Orc:1    | XOM: noise
 21349 | Orc:1    | XOM: potion effect (berserk rage)
 21359 | Orc:1    | XOM: potion effect (attraction)
 21362 | Orc:1    | Slain by an orc warlord

Illustrated notes

Levels and vault maps discovered:
D:1:      mrwooster_arrival_statue_2, layout_loops_ring, serial_shops, shop
D:2:      minmay_inner_zag, layout_basic, uniq_robin
D:3:      layout_loops_ring, mainiacjoe_overflow_alcove_1,
          biasface_ghost_orc_armoury, minmay_stone_trees_small, uniq_grinder
D:4:      layout_cave_pools, nicolae_qazlal_style_of_elements,
          mainiacjoe_overflow_cross_hatched, serial_shops, shop, uniq_sigmund
D:5:      layout_loops_corners, led_xom_imps, nicolae_overflow_crystal_walls,
          minmay_temple_entry_mist, chequers_serial_rivers_marsh,
          grunt_ministairs_11
D:6:      layout_cave_pools, jmf_multi_god_temple2, uniq_crazy_yiuf_cottage,
          uniq_maggie
D:7:      layout_loops_ring, nicolae_overflow_hidden_temple,
          okawaru_metal_pillars_1_2, hellmonk_ghost_happy_afterlife,
          minmay_statues_item, nicolae_benzene_ring
D:8:      layout_basic, kennysheep_potato, uniq_maurice, uniq_psyche
D:9:      layout_roguey, nicolae_wu_jian_immortal_techniques,
          minmay_fountain_box
D:10:     layout_cross, grunt_lair_entry_orc_guard_hut,
          minmay_orc_entry_guard_dogs, nicolae_figureground_sparkle
D:11:     layout_rooms, tso_altar, uniq_snorg, uniq_urug, uniq_sonja
Temple:   nicolae_temple_godzebo
Lair:1:   layout_long_grid
Lair:2:   layout_chaotic_city, swamp_mist_pool, nicolae_snake_entry_warm_welcome
Lair:3:   layout_chaotic_city, dreamdust_mushroom_princess, roderic_batcave
Lair:4:   layout_concentric_octagons, dpeg_slime_entry_enclosed,
          portal_ice_cave_rime, grunt_megastairs_4, lemuel_fruit_fields
Lair:5:   evil_forest, layout_cave_pods, special_room [special_room_bee]
Orc:1:    layout_caves, basic_altar, uniq_jorgrun

Skill      XL: |  1  2  3  4  5  6  7  8  9 10 11 12 13 14 |
---------------+-------------------------------------------+-----
Spellcasting   | 3 4 6 9 |  9.9
Hexes          | 4 7 |  7.1
Short Blades   | 6 10 | 10.0
Stealth        | 9 |  9.7
Transmutations | 5 6 7 |  7.2
Earth Magic    | 5 |  5.9
Throwing       | 3 6 |  6.0
Fighting       | 6 |  6.4
Conjurations   | 2 7 |  7.2
Evocations     | 7 10 | 10.0
Dodging        | |  2.0
Summonings     | |  4.0

Action                     |  1- 3 |  4- 6 |  7- 9 | 10-12 | 13-15 || total
---------------------------+-------+-------+-------+-------+-------++-------
  Melee: Dagger            |    82 |    62 |   180 |   231 |   292 ||   847
         Unarmed           |     2 |       |       |       |       ||     2
         Punch             |       |       |     3 |     6 |     8 ||    17
         Headbutt          |       |       |       |       |    52 ||    52
  Throw: Dart              |       |       |     2 |    10 |    11 ||    23
         Throwing net      |       |       |       |     2 |     1 ||     3
   Cast: Summon Small Mamm |     9 |     2 |     3 |       |       ||    14
         Call Imp          |    12 |     9 |    11 |     7 |     2 ||    41
         Call Canine Famil |       |     7 |    18 |    33 |    37 ||    95
         Ensorcelled Hiber |       |     8 |    22 |    47 |    24 ||   101
         Summon Guardian G |       |     2 |    10 |    26 |    35 ||    73
         Petrify           |       |       |       |     9 |    32 ||    41
         Irradiate         |       |       |       |       |     3 ||     3
Ability: Evoke Invisibilit |       |       |       |       |    11 ||    11
  Evoke: Wand              |       |       |       |     2 |     3 ||     5
         Piece from Xom's  |       |       |       |       |     3 ||     3
    Use: Scroll            |     4 |     1 |     7 |    13 |    13 ||    38
         Potion            |       |     1 |     1 |     4 |     4 ||    10
   Stab: Sleeping          |     5 |    10 |    23 |    42 |    31 ||   111
         Petrifying        |       |       |     1 |       |     3 ||     4
         Distracted        |       |       |     2 |     3 |       ||     5
         Confused          |       |       |     1 |     2 |       ||     3
         Petrified         |       |       |       |     4 |     9 ||    13
         Invisible         |       |       |       |       |    25 ||    25
         Paralysed         |       |       |       |       |     2 ||     2
 Armour: Robe              |    30 |    17 |    24 |       |       ||    71
         Steam dragon scal |       |       |    15 |    60 |    49 ||   124
         Skin              |       |       |       |       |    31 ||    31
  Dodge: Dodged            |    70 |    42 |    65 |   100 |    92 ||   369

Table legend: (Time is in decaauts)
 A = Elapsed time spent in this place.
 B = Non-inter-level travel time spent in this place.
 C = Inter-level travel time spent in this place.
 D = Time resting spent in this place.
 E = Time spent auto-exploring this place.
 F = Levels seen in this place.
 G = Mean time per level.
                   A        B        C        D        E       F      G
               +--------+--------+--------+--------+--------+-----+--------+
         Total |  21061 |  20402 |    659 |   4558 |  11222 |  19 | 1108.5 |
       Dungeon |  11624 |  11204 |    420 |   1694 |   7102 |  11 | 1056.7 |
        Temple |    153 |    120 |     33 |      0 |    101 |   1 |  153.0 |
          Lair |   7342 |   7137 |    205 |   1782 |   3899 |   5 | 1468.4 |
  Orcish Mines |    216 |    216 |      0 |      1 |     94 |   1 |  216.0 |
      Ice Cave |   1724 |   1724 |      0 |   1081 |     26 |   1 | 1724.0 |
               +--------+--------+--------+--------+--------+-----+--------+

Top non-repeatable levels by time:
  Lair:5: 2099 daAuts
   IceCv: 1724 daAuts
  Lair:1: 1615 daAuts
  Lair:2: 1297 daAuts
  Lair:4: 1273 daAuts
     D:5: 1259 daAuts
    D:11: 1188 daAuts
     D:3: 1128 daAuts
     D:2: 1114 daAuts
    D:10: 1090 daAuts
  Lair:3: 1056 daAuts
     D:1: 1002 daAuts
     D:6: 1001 daAuts
     D:7: 986 daAuts
     D:9: 981 daAuts
